 Dungeon Crawl Stone Soup version bcrawl-1.21.3-2-g9d8a61a446 (webtiles) character file.

Game seed: 2054005639297033083

7709 funkygono the Blocker (level 11, -19/71 HPs)
             Began as a Fairy Fighter on Apr 19, 2020.
             Was a Believer of Vehumet.
             Demolished by Gastronok (28 damage)
             ... on level 1 of the Lair of Beasts.
             The game lasted 00:28:45 (10464 turns).

funkygono the Blocker (Fairy Fighter)              Turns: 10464, Time: 00:28:45

Health: -19/71     AC: 10    Str: 15    XL:     11   Next: 19%
Magic:  21/24      EV: 19    Int: 14    God:    Vehumet [**....]
Gold:   567        SH: 23    Dex: 12    Spells: 15/24 levels left

rFire    + . .     SeeInvis .   a - +3 rapier
rCold    + . .     Gourm    .   b - +0 medium shield
rNeg     . . .     Faith    .   (armour unavailable)
rPois    +         Spirit   .   n - +0 helmet
rElec    .         Reflect  +   w - scarf {rC+ rF+}
rCorr    .         Harm     .   p - +1 pair of gloves
MR       +....                  t - +0 pair of boots
Stlth    ..........             f - +5 amulet of reflection
HPRegen  0.21/turn              A - ring of poison resistance
MPRegen  0.19/turn              (no ring)

@: flying evasively
A: small, magic attunement, unstealthy, unfitting armour, able to fly, AC/SH +6
a: Stop Flying, Renounce Religion


You were on level 1 of the Lair of Beasts.
You worshipped Vehumet.
Vehumet was pleased with you.
You were not hungry.

You visited 3 branches of the dungeon, and saw 10 of its levels.

You collected 567 gold pieces.

Inventory:

Hand Weapons
 a - a +3 rapier (weapon)
 z - a +2 vampiric dagger
Missiles
 h - 1954 stones (quivered)
Armour
 b - a +0 medium shield (worn)
 n - a +0 helmet (worn)
 p - a +1 pair of gloves (worn)
 t - a +0 pair of boots (worn)
 w - a scarf of resistance (worn)
 B - a +0 cloak
Jewellery
 f - a +5 amulet of reflection (around neck)
 A - a ring of poison resistance (left hand)
Wands
 s - a wand of acid (8)
 y - a wand of polymorph (13)
Scrolls
 g - 3 scrolls of teleportation
 i - 2 scrolls of identify
 j - 5 scrolls of remove curse
 r - a scroll of blinking
 v - 2 scrolls of fear
 x - 2 scrolls of immolation
Potions
 d - a potion of agility
 k - 2 potions of lignification
 l - 2 potions of curing
 m - a potion of resistance
 o - a potion of mutation
 q - 7 potions of brilliance
 u - 2 potions of flight
Comestibles
 c - 3 chunks of flesh
 e - 20 rations {!d}


   Skills:
 + Level 5.0 Fighting
 + Level 8.6 Short Blades
 + Level 8.5 Dodging
 + Level 9.8 Shields
 + Level 7.3 Spellcasting
 + Level 7.0 Conjurations
 + Level 3.3 Hexes
 + Level 4.5 Fire Magic
 + Level 2.0 Ice Magic


You had 15 spell levels left.
You knew the following spells:

 Your Spells              Type           Power        Failure   Level  Hunger
a - Flame Tongue          Conj/Fire      ###..        1%          1    None
b - Dazzling Spray        Conj/Hex       ###...       4%          3    None
c - Throw Frost           Conj/Ice       ###...       1%          2    None
d - Conjure Flame         Conj/Fire      ###.....     3%          3    None

Your spell library contained the following spells:

 Spells                   Type           Power        Failure   Level  Hunger
 Confuse                  Hex            ##......     28%         3    None
 Yara's Violent Unravell  Hex/Tmut       #.........   43%         4    None
 Petrify                  Tmut/Erth      #.......     98%         4    None
 Metabolic Englaciation   Hex/Ice        ##........   98%         5    None
 Mana Rupture             Conj/Hex       ###.......   100%        7    None


Dungeon Overview and Level Annotations

Branches:
Dungeon (8/12)             Temple (1/1) D:6            Lair (1/6) D:8
    Orc (0/1) D:8

Altars:
Ashenzari
Dithmenos
Elyvilon
Fedhas
Gozag
Hepliaklqana
Kikubaaqudgha
Lugonu
Makhleb
Nemelex Xobeh
Qazlal
Ru
Sif Muna
Trog
Uskayaw
Vehumet
Wu Jian
Xom
Yredelemnul
Zin
The Shining One

Shops:
D:5 *   D:7 (   D:8 !

Annotations:
Lair:1 Gastronok


Innate Abilities, Weirdness & Mutations

Your spells do not cause hunger and MP costs are reduced by 1.
Your bright wings attract enemies. (Stealth-)
You cannot fit into any form of body armour.
Your shimmering scales are hard and can block incoming attacks. (AC +6, SH +6)
You are small and have problems with some larger weapons.
You can fly continuously.


Message History

The white imp resists.
Gastronok bites you!
* * * LOW HITPOINT WARNING * * *
The white imp misses you.
You feel better. You block the bat's attack. You block the white imp's attack.
Gastronok bites you.
* * * LOW HITPOINT WARNING * * *
The white imp shouts, "Away with thee, thou bootless earth-vexing canker-blossom!"
You block the white imp's attack.
Casting: Flame Tongue (safe; 1% risk of failure)
Confirm with . or Enter, or press ? or * to list all spells.
Aiming: Flame Tongue (safe; 1% risk of failure)
Press: ? - help, Shift-Dir - straight line, f/p - Gastronok
Aim: Gastronok, wearing a +2 hat of see invisible (severely wounded)
The flame tongue hits Gastronok.
Gastronok is severely wounded.
The bat barely misses you. You block the white imp's attack.
The river rat barely misses you. You block the river rat's attack.
Gastronok gurgles, "A snack!
A snack!"
Gastronok bites you!!
You die...

#.......# #..##...#
#..##...#### #......≈.≈.#
#.....≈≈≈P≈#
##....♣≈≈P.#####
####.......###.##.####
...#....>..P...5.r...##
...............b@w....#
................r5.......
.........................
...................H.....
..................(......
.........................
..#......................
####.......###.####...##
#........######


You could see Gastronok, a hippogriff, 2 river rats, 2 white imps and a bat.

Vanquished Creatures
  Pikel (D:4)
  2 komodo dragons (D:8)
  2 hippogriffs
  4 yaks (D:8)
  Eustachio (D:4)
  2 wyverns
  A basilisk (D:8)
  A human (D:7)
  2 hungry ghosts
  4 hogs (D:7)
  3 crocodiles (D:8)
  Duvessa (D:7)
  4 porcupines (D:8)
  3 orc warriors
  A sky beast (D:6)
  A black bear (D:6)
  2 ice beasts
  A phantom (D:8)
  2 ogres
  2 centaurs
  A bullfrog (D:8)
  A big kobold (D:6)
  Blork the orc (D:4)
  Dowan (D:7)
  2 scorpions
  2 troll zombies (D:8)
  6 killer bees (D:7)
  4 howler monkeys
  2 bullfrog zombies (D:5)
  2 crimson imps
  A jelly (D:6)
  A centaur skeleton (D:5)
  3 hounds
  11 orc wizards
  4 orc priests
  2 quasits (D:7)
  A bullfrog skeleton (D:5)
  2 iguanas
  7 worker ants
  5 ogre zombies (D:8)
  2 hound skeletons
  Robin (D:1)
  2 howler monkey zombies (D:6)
  A gnoll (D:2)
  12 adders
  3 shadow imps
  An ooze (D:4)
  2 worms
  2 adder skeletons
  5 dart slugs
  7 leopard geckos
  33 orcs
  3 bats (D:1)
  7 giant cockroaches
  4 hobgoblins
  5 jackals
  9 kobolds
  2 quokkas
  2 frilled lizards
  5 goblins
  2 goblin skeletons (D:8)
  A hobgoblin skeleton (D:8)
  A hobgoblin zombie (D:8)
  An orc skeleton (D:8)
  20 orc zombies (D:8)
  6 rats
238 creatures vanquished.

Vanquished Creatures (others)
  An ogre (D:4)
  A centaur (D:6)
  An orc wizard (D:4)
  3 orcs (D:4)
  A bush (D:8)
  6 fungi (D:8)
  13 plants (D:8)
26 creatures vanquished.

Grand Total: 264 creatures vanquished

Notes
Turn   | Place    | Note
-------+----------+-------------------------------------------
     0 | D:1      | funkygono the Fairy Fighter began the quest for the Orb.
     0 | D:1      | Reached XP level 1. HP: 15/15 MP: 3/3
   181 | D:1      | Reached XP level 2. HP: 20/20 MP: 4/4
   639 | D:1      | Reached skill level 4 in Shields
   942 | D:1      | Reached XP level 3. HP: 25/26 MP: 5/5
  1106 | D:2      | Noticed Robin
  1500 | D:1      | Killed Robin
  1500 | D:1      | Reached XP level 4. HP: 31/31 MP: 6/6
  1643 | D:2      | Found a blossoming altar of Fedhas.
  1787 | D:2      | Found a shattered altar of Ashenzari.
  1788 | D:2      | Found a stormy altar of Qazlal.
  1957 | D:2      | Learned a level 3 spell: Dazzling Spray
  2026 | D:3      | Reached XP level 5. HP: 26/36 MP: 7/7
  2042 | D:3      | Reached skill level 5 in Shields
  2248 | D:3      | Reached skill level 5 in Dodging
  2586 | D:3      | Reached skill level 1 in Spellcasting
  2586 | D:3      | Reached XP level 6. HP: 25/42 MP: 9/9
  3173 | D:4      | Noticed Eustachio
  3191 | D:4      | Reached skill level 1 in Conjurations
  3222 | D:4      | Killed Eustachio
  3223 | D:4      | Reached XP level 7. HP: 27/46 MP: 10/12
  3542 | D:4      | Noticed Blork the orc
  3557 | D:4      | Killed Blork the orc
  3937 | D:4      | Reached skill level 5 in Short Blades
  3937 | D:4      | Reached skill level 6 in Shields
  4164 | D:4      | Noticed Pikel
  4198 | D:4      | Killed Pikel
  4198 | D:4      | Reached XP level 8. HP: 14/54 MP: 13/15
  4645 | D:5      | Entered Level 5 of the Dungeon
  4818 | D:5      | Reached skill level 7 in Shields
  4837 | D:5      | Reached skill level 1 in Hexes
  4939 | D:5      | Found Taoshel's Assorted Antiques.
  4992 | D:5      | Reached XP level 9. HP: 55/58 MP: 17/17
  5697 | D:6      | Found a staircase to the Ecumenical Temple.
  5757 | Temple   | Entered the Ecumenical Temple
  6002 | Temple   | Became a worshipper of Vehumet
  6086 | D:6      | Reached skill level 5 in Conjurations
  6363 | D:6      | Reached skill level 5 in Spellcasting
  7057 | D:7      | Found Wuxaot's Antique Weapon Shop.
  7250 | D:7      | Reached skill level 8 in Shields
  7432 | D:7      | Found a corrupted altar of Lugonu.
  7432 | D:7      | Found a bloodstained altar of Trog.
  7611 | D:7      | Reached XP level 10. HP: 64/64 MP: 15/20
  7679 | D:7      | Reached * piety under Vehumet
  7679 | D:7      | Offered knowledge of Flame Tongue by Vehumet.
  7697 | D:7      | Learned a level 1 spell: Flame Tongue
  7921 | D:7      | Reached skill level 1 in Fire Magic
  8047 | D:7      | Noticed Duvessa
  8047 | D:7      | Noticed Dowan
  8068 | D:7      | Killed Duvessa
  8082 | D:7      | Killed Dowan
  8144 | D:7      | Found a sparkling altar of Nemelex Xobeh.
  8287 | D:7      | Reached skill level 9 in Shields
  8835 | D:8      | Reached ** piety under Vehumet
  8847 | D:8      | Found a staircase to the Orcish Mines.
  8858 | D:8      | Offered knowledge of Throw Frost by Vehumet.
  8946 | D:8      | Learned a level 2 spell: Throw Frost
  9257 | D:8      | Reached skill level 1 in Ice Magic
  9257 | D:8      | Reached XP level 11. HP: 43/70 MP: 16/23
  9372 | D:8      | Found a staircase to the Lair.
  9641 | D:8      | Offered knowledge of Conjure Flame by Vehumet.
  9646 | D:8      | Learned a level 3 spell: Conjure Flame
  9879 | D:8      | Found Qidem's Distillery.
 10121 | Lair:1   | Entered Level 1 of the Lair of Beasts
 10187 | D:8      | Reached skill level 5 in Fighting
 10440 | Lair:1   | Noticed Gastronok
 10464 | Lair:1   | Demolished by Gastronok

Skill      XL: |  1  2  3  4  5  6  7  8  9 10 11 |
---------------+----------------------------------+-----
Shields        | 4 5 6 7 8 9 |  9.8
Fighting       | 3 4 5 |  5.0
Short Blades   | 3 4 5 6 7 8 |  8.6
Dodging        | 5 6 7 8 |  8.5
Spellcasting   | 1 2 3 4 5 6 7 |  7.3
Conjurations   | 1 3 4 5 6 7 |  7.0
Hexes          | 1 2 3 |  3.3
Fire Magic     | 4 |  4.5
Ice Magic      | 1 2 |  2.0

Action                   |  1- 3 |  4- 6 |  7- 9 | 10-12 || total
-------------------------+-------+-------+-------+-------++-------
Melee: Rapier            |   105 |   159 |   527 |   333 ||  1124
 Cast: Dazzling Spray    |       |       |    47 |    65 ||   112
       Flame Tongue      |       |       |       |   112 ||   112
       Throw Frost       |       |       |       |    45 ||    45
       Conjure Flame     |       |       |       |     1 ||     1
  Use: Scroll            |     8 |     4 |     8 |     2 ||    22
       Potion            |       |     2 |     3 |     2 ||     7
 Stab: Invisible         |       |       |     6 |    11 ||    17
  Eat: Chunk             |     2 |     5 |    13 |    10 ||    30
       Ration            |       |       |     1 |       ||     1
Armor: Skin              |     9 |    20 |    56 |    15 ||   100
Dodge: Dodged            |    44 |    71 |   151 |    94 ||   360
Block: Medium shield     |    85 |   124 |   376 |   331 ||   916
       Reflection        |       |       |     9 |     1 ||    10
